 Dungeon Crawl Stone Soup version 0.20-a0-277-g7db01f4 (webtiles) character file.

9895 Nvm9 the Protected (level 11, -5/86 HPs)
             Began as a Demonspawn Fighter on Dec 13, 2016.
             Was a High Priest of Okawaru.
             Slain by a 16-headed hydra (9 damage)
             ... on level 10 of the Dungeon.
             The game lasted 00:19:09 (10308 turns).

Nvm9 the Protected (Demonspawn Fighter)            Turns: 10308, Time: 00:19:10

Health: -5/86      AC: 28    Str: 23    XL:     11   Next: 29%
Magic:  0/11       EV:  5    Int: 26    God:    Okawaru [*****.]
Gold:   963        SH: 11    Dex: 15    Spells: 10/10 levels left

rFire  x . .     SeeInvis +     Z - +3 broad axe of the Warrior-Mage {protect, rElec rF- Int+9 Dex-2}
rCold  + . .     Gourm    .     A - +0 plate armour
rNeg   + + +     Faith    .     c - +0 shield
rPois  .         Spirit   +     y - +0 helmet
rElec  +         Reflect  .     O - +2 cloak
rCorr  .         Harm     +     V - +0 pair of gloves
MR     .....                    u - +2 pair of boots of the Black Skies {*Drain rN+++ Regen+ SInv}
Stlth  ..........               I - amulet of harm
                                F - ring "Inob" {rC+ Int+6 Slay+2}
                                m - +5 ring of dexterity

@: no status effects
A: hooves 2, iridescent scales 2, clever 1, demonic guardian 1, mutation
resistance 1, strong 1, magic shield
a: Heroism, Finesse, Renounce Religion


You were on level 10 of the Dungeon.
You worshipped Okawaru.
Okawaru was extremely pleased with you.
You were not hungry.

You visited 2 branches of the dungeon, and saw 12 of its levels.
You also visited: Ossuary.

You collected 963 gold pieces.

Inventory:

Hand Weapons
 a - a +1 war axe
 x - a +0 war axe
 Z - the +3 broad axe of the Warrior-Mage (weapon) {protect, rElec rF- Int+9 Dex-2}
   (Okawaru gifted it to you on level 11 of the Dungeon)

   It protects the one who uses it against injury (+AC on strike).
   It affects your intelligence (+9).
   It affects your dexterity (-2).
   It makes you vulnerable to fire.
   It insulates you from electricity.
Missiles
 q - 3 tomahawks (quivered)
 H - 7 exploding tomahawks
Armour
 c - a +0 shield (worn)
 u - the +2 pair of boots of the Black Skies (worn) {*Drain rN+++ Regen+ SInv}
   (You found it on level 5 of the Dungeon)

   It renders you almost immune to negative energy.
   It lets you see invisible.
   It increases your rate of regeneration.
   It causes draining when unequipped.
 y - a +0 helmet (worn)
 A - a +0 plate armour (worn)
 O - a +2 cloak (worn)
 V - a +0 pair of gloves (worn)
Jewellery
 m - a +5 ring of dexterity (left hand)
 p - an uncursed ring of positive energy {unknown}
 z - a +4 ring of protection
 C - an uncursed amulet of faith
 D - an uncursed ring of protection from magic {unknown}
 F - the ring "Inob" (right hand) {rC+ Int+6 Slay+2}
   (You found it on level 7 of the Dungeon)

   [ring of intelligence]

   It affects your intelligence (+6).
   It affects your accuracy and damage with ranged weapons and melee attacks
   (+2).
   It protects you from cold.
 I - an amulet of harm (around neck)
 N - an uncursed ring of magical power {unknown}
Wands
 b - a wand of random effects (10/48)
 k - a wand of lightning (5/15)
 s - a wand of slowing (27/48)
 J - a wand of flame (38/48)
 S - a wand of lightning (8/15)
Scrolls
 e - 8 scrolls of identify
 h - 4 scrolls of remove curse
 j - 2 scrolls of amnesia
 l - 3 scrolls of teleportation
 X - a scroll of magic mapping {unknown}
 Y - a scroll of enchant weapon
Potions
 d - 2 potions of might
 i - 4 potions of haste
 o - 2 potions of mutation
 w - 6 potions of curing
 B - a potion of berserk rage {unknown}
 G - 4 potions of degeneration {unknown}
 K - 2 potions of flight
 L - a potion of resistance {unknown}
 M - a potion of agility {unknown}
 Q - a potion of magic {unknown}
 U - a potion of brilliance
Books
 n - a book of Misfortune

   Spells                             Type                      Level
   a - Confusing Touch                Hexes                        1
   b - Confuse                        Hexes                        3
   c - Gell's Gravitas                Hexes/Translocation          3
   d - Petrify                        Transmutation/Earth          4
   e - Metabolic Englaciation         Hexes/Ice                    5
   f - Yara's Violent Unravelling     Hexes/Transmutation          5
 t - a book of Frost

   Spells                             Type                      Level
   a - Freeze                         Ice                          1
   b - Throw Frost                    Conjuration/Ice              2
   c - Ozocubu's Armour               Charms/Ice                   3
   d - Throw Icicle                   Conjuration/Ice              4
   e - Summon Ice Beast               Ice/Summoning                4
 R - a book of Cantrips

   Spells                             Type                      Level
   a - Confusing Touch                Hexes                        1
   b - Animate Skeleton               Necromancy                   1
   c - Summon Small Mammal            Summoning                    1
   d - Apportation                    Translocation                1
 W - a book of the Earth

   Spells                             Type                      Level
   a - Leda's Liquefaction            Hexes/Earth                  4
   b - Bolt of Magma                  Conjuration/Fire/Earth       5
   c - Statue Form                    Transmutation/Earth          6
   d - Iron Shot                      Conjuration/Earth            6
   e - Shatter                        Earth                        9
Comestibles
 f - 3 bread rations
 g - 11 fruits
 r - 8 royal jellies
 v - 2 beef jerkies
 E - 6 meat rations
 T - 5 chunks of flesh


   Skills:
 + Level 8.2 Fighting
 + Level 7.0 Axes
 * Level 10.1 Armour
 + Level 7.0 Shields
 + Level 6.0 Unarmed Combat


You had 10 spell levels left.
You didn't know any spells.

Dungeon Overview and Level Annotations

Branches:
Dungeon (11/15)            Temple (1/1) D:6
   Lair: D:8-11         Orc: D:9-12

Altars:
Ashenzari
Cheibriados
Dithmenos
Elyvilon
Fedhas
Gozag
Hepliaklqana
Kikubaaqudgha
Makhleb
Nemelex Xobeh
Okawaru
Qazlal
Ru
Sif Muna
Trog
Uskayaw
Vehumet
Xom
Yredelemnul
Zin
The Shining One

Shops:
D:6 =   D:7 :

Annotations:
D:4 exclusion: 2 downstairs
D:5 Junicave's ghost, novice OpIE
D:10 exclusion: downstairs


Innate Abilities, Weirdness & Mutations

You have hoof-like feet.
You are mostly covered in iridescent scales. (AC +4)
A weak demonic guardian rushes to your aid.
When hurt, damage is shared between your health and your magic reserves.
Your mind is acute. (Int +2)
You are somewhat resistant to further mutation.
Your muscles are strong. (Str +2)


Message History

The 16-headed hydra bites you but does no damage. x2
You block the 16-headed hydra's attack. The 16-headed hydra bites you.
* * * LOW HITPOINT WARNING * * *
The 16-headed hydra bites you!
* * * LOW HITPOINT WARNING * * *
The 16-headed hydra bites you but does no damage. x4
The 16-headed hydra bites you!
* * * LOW HITPOINT WARNING * * *
The 16-headed hydra bites you but does no damage. x2
You block the 16-headed hydra's attack.
The 16-headed hydra bites you but does no damage.
The 16-headed hydra closely misses you.
The 16-headed hydra bites you but does no damage. x5
You block the 16-headed hydra's attack. x2
The 16-headed hydra bites you but does no damage.
The 16-headed hydra bites you.
* * * LOW HITPOINT WARNING * * *
The 16-headed hydra bites you but does no damage.
The 16-headed hydra bites you!
You die...

#..........####..
#...#..######...<
##.#........+....
#######.#..#.#####....
#....##.#..#(# #....
#.#........#.# #....
#.#..##....#.# #....
#.#..#######.# #(...
#.#..@D.....(# #....
#.#.########## #####
#.#.# #.#.# #.#.######
#.#......#
#.######.#### #†#
#....# #.#########.#


You could see a 16-headed hydra.

Vanquished Creatures
  A hydra (D:8)
  A centaur warrior (D:10)
  The ghost of mathias the Destroyer, a novice DrCj of Vehumet (D:8)
  2 ugly things (D:11)
  Maurice (D:9)
  Joseph (D:7)
  A gargoyle (D:10)
  A troll (D:10)
  A queen bee (D:11)
  A hornet (D:9)
  6 yaks (D:11)
  Menkaure (D:5)
  Edmund (D:5)
  Duvessa (D:5)
  3 ice beasts
  4 orc warriors
  A necrophage (D:8)
  3 ogres
  A phantom (D:9)
  4 centaurs
  4 big kobolds
  5 bullfrogs
  A gnoll sergeant (D:7)
  Dowan (D:5)
  A scorpion (D:6)
  20 killer bees
  5 crimson imps
  A howler monkey (D:6)
  3 hounds
  A quasit (D:10)
  Crazy Yiuf (D:7)
  2 centaur zombies
  5 orc priests
  Jessica (D:2)
  3 iguanas
  4 orc wizards
  8 worker ants
  A killer bee zombie (D:6)
  3 big kobold zombies (Ossuary)
  A hound skeleton (D:8)
  5 mummies (Ossuary)
  6 gnolls
  8 adders
  3 shadow imps
  2 oozes (D:3)
  An adder skeleton (D:9)
  3 worms
  4 dart slugs
  4 leopard geckos
  43 orcs
  7 giant cockroaches
  10 goblins
  8 hobgoblins
  8 jackals
  15 kobolds
  8 quokkas
  2 ball pythons
  9 bats
  5 frilled lizards
  2 hobgoblin zombies (Ossuary)
  A jackal skeleton (D:6)
  A jackal zombie (D:7)
  10 rats
272 creatures vanquished.

Vanquished Creatures (collateral kills)
  Prince Ribbit (D:5)
  An ogre (D:6)
  A killer bee (D:11)
  A hound (D:8)
  An orc wizard (D:8)
  An iguana (D:9)
  An orc (D:8)
  A kobold (D:9)
8 creatures vanquished.

Vanquished Creatures (others)
  4 plants (D:11)
4 creatures vanquished.

Grand Total: 284 creatures vanquished

Notes
Turn   | Place    | Note
-------+----------+-------------------------------------------
     0 | D:1      | Nvm9 the Demonspawn Fighter began the quest for the Orb.
     0 | D:1      | Reached XP level 1. HP: 18/18 MP: 1/1
   123 | D:1      | Gained mutation: You are partially covered in iridescent scales. (AC +2) [demonic ancestry]
   123 | D:1      | Reached XP level 2. HP: 16/24 MP: 2/2
   568 | D:1      | Reached skill level 3 in Armour
   598 | D:1      | Reached XP level 3. HP: 29/29 MP: 3/3
   709 | D:2      | Noticed Jessica
   712 | D:2      | Killed Jessica
   979 | D:1      | Gained mutation: You are mostly covered in iridescent scales. (AC +4) [demonic ancestry]
   979 | D:1      | Reached XP level 4. HP: 4/35 MP: 4/4
  1783 | D:2      | Found a hide-covered altar of Uskayaw.
  2152 | D:2      | Found a burning altar of Makhleb.
  2152 | D:2      | Found a radiant altar of Vehumet.
  2248 | D:2      | Reached XP level 5. HP: 19/41 MP: 5/5
  2835 | D:3      | Reached skill level 4 in Armour
  3184 | D:3      | Gained mutation: You have large cloven feet. [demonic ancestry]
  3184 | D:3      | Reached XP level 6. HP: 45/48 MP: 6/6
  3373 | D:4      | Found a sand-covered staircase.
  3389 | Ossuary  | Entered an ossuary
  3830 | D:4      | Gained mutation: A weak demonic guardian rushes to your aid. [demonic ancestry]
  3830 | D:4      | Reached XP level 7. HP: 50/55 MP: 7/7
  3855 | D:4      | Reached skill level 1 in Unarmed Combat
  4002 | D:4      | Gained mutation: Your muscles are strong. (Str +2) [potion of mutation]
  4002 | D:4      | Gained mutation: You are somewhat resistant to further mutation. [potion of mutation]
  4002 | D:4      | Gained mutation: Your mind is acute. (Int +2) [potion of mutation]
  4108 | D:5      | Entered Level 5 of the Dungeon
  4145 | D:5      | Noticed Junicave's ghost (novice OpIE)
  4217 | D:4      | Reached skill level 5 in Armour
  4603 | D:5      | Found an ancient bone altar of Kikubaaqudgha.
  4609 | D:5      | Got a pair of jewelled boots
  4615 | D:5      | Identified the +2 pair of boots of the Black Skies {*Drain rN+++ Regen+ SInv} (You found it on level 5 of the Dungeon)
  4731 | D:5      | Noticed Prince Ribbit
  4744 | D:5      | Killed Prince Ribbit
  4759 | D:5      | Noticed Edmund
  4764 | D:5      | Noticed Menkaure
  4772 | D:5      | Killed Edmund
  4775 | D:5      | Killed Menkaure
  4775 | D:5      | Reached skill level 5 in Fighting
  4911 | D:5      | Gained mutation: When hurt, damage is shared between your health and your magic reserves. [demonic ancestry]
  4911 | D:5      | Reached XP level 8. HP: 60/62 MP: 8/8
  5043 | D:5      | Noticed Duvessa
  5049 | D:5      | Noticed Dowan
  5053 | D:5      | Killed Duvessa
  5067 | D:5      | Killed Dowan
  5236 | D:5      | Reached skill level 6 in Armour
  5472 | D:6      | Found a staircase to the Ecumenical Temple.
  5513 | Temple   | Entered the Ecumenical Temple
  5718 | Temple   | Became a worshipper of Warmaster Okawaru
  5758 | D:6      | Found Heluczu's Jewellery Emporium.
  5850 | D:6      | Reached skill level 5 in Shields
  5897 | D:6      | Found an iron altar of Okawaru.
  6133 | D:6      | Reached * piety under Okawaru
  6298 | D:7      | Found a hazy altar of Hepliaklqana.
  6298 | D:7      | Found a blossoming altar of Fedhas.
  6299 | D:7      | Found a sparkling altar of Nemelex Xobeh.
  6300 | D:7      | Got a fine bronze ring
  6301 | D:7      | Found a snail-covered altar of Cheibriados.
  6306 | D:7      | Identified the ring "Inob" {rC+ Int+6 Slay+2} (You found it on level 7 of the Dungeon)
  6361 | D:7      | Reached skill level 7 in Armour
  6397 | D:7      | Noticed Joseph
  6408 | D:7      | Gained mutation: You have hoof-like feet. [demonic ancestry]
  6408 | D:7      | Reached XP level 9. HP: 66/69 MP: 7/9
  6412 | D:7      | Killed Joseph
  6430 | D:7      | Found Nivo's Book Boutique.
  6505 | D:7      | Reached skill level 5 in Axes
  6776 | D:7      | Found a shimmering altar of Xom.
  6840 | D:7      | Found a runed door.
  6981 | D:7      | Noticed Crazy Yiuf
  6988 | D:7      | Killed Crazy Yiuf
  7108 | D:8      | Noticed mathias's ghost (novice DrCj)
  7131 | D:8      | Killed mathias's ghost
  7131 | D:8      | Reached ** piety under Okawaru
  7384 | D:8      | Reached skill level 8 in Armour
  7594 | D:8      | Noticed a four-headed hydra
  7606 | D:8      | Killed an eight-headed hydra
  7606 | D:8      | Reached *** piety under Okawaru
  7606 | D:8      | Reached XP level 10. HP: 28/77 MP: 4/10
  8123 | D:9      | Noticed Maurice
  8140 | D:9      | Killed Maurice
  8427 | D:9      | Reached skill level 5 in Unarmed Combat
  8516 | D:9      | Reached skill level 9 in Armour
  8533 | D:9      | Reached **** piety under Okawaru
  8854 | D:9      | Found a glowing golden altar of the Shining One.
  8919 | D:10     | Entered Level 10 of the Dungeon
  9161 | D:10     | Noticed a centaur warrior
  9170 | D:10     | Killed a centaur warrior
  9445 | D:10     | Noticed a gargoyle
  9471 | D:10     | Killed a gargoyle
  9471 | D:10     | Reached ***** piety under Okawaru
  9738 | D:11     | Noticed a white ugly thing
  9746 | D:11     | Killed a white ugly thing
  9765 | D:11     | Reached XP level 11. HP: 67/86 MP: 9/11
  9769 | D:11     | Received a gift from Okawaru
  9960 | D:11     | Noticed a six-headed hydra
 10183 | D:11     | Reached skill level 10 in Armour
 10225 | D:11     | Got a smoking broad axe {god gift}
 10226 | D:11     | Identified the +3 broad axe of the Warrior-Mage {protect, rElec rF- Int+9 Dex-2} (Okawaru gifted it to you on level 11 of the Dungeon)
 10248 | D:11     | Noticed a cyan ugly thing
 10263 | D:11     | Killed a cyan ugly thing
 10308 | D:10     | HP: 4/86 [16-headed hydra (1)]
 10308 | D:10     | Slain by a 16-headed hydra

Vault maps used:
D:1:      minmay_arrival_semitransparent, serial_park_tiny_2
D:2:      kennysheep_big_flooded_room, gammafunk_temple_overflow_wave,
          eat_drink_and_be_merry_uskayaw, first_bread, kennysheep_boxes,
          uniq_jessica
D:3:      wad_pebble_path
D:4:      enter_ossuary_1
D:5:      marbit_many_paths, uniq_menkaure, uniq_edmund, uniq_duvessa,
          uniq_prince_ribbit1
D:6:      serial_shops, shop, okawaru_ov_weapons_minmay
D:7:      lemuel_coloured_pillars_altar, grunt_temple_overflow_open,
          serial_shops, shop, uniq_joseph, uniq_crazy_yiuf_cottage
D:9:      nicolae_tso_swordbearing_angel, uniq_maurice
D:11:     dpeg_oklobed_lair, david_orc_2, david_nohive_1, minivault_5
Temple:   minmay_temple_curvy_loop
Ossuary:  ossuary_the_hunt_dpeg

Skill      XL: |  1  2  3  4  5  6  7  8  9 10 11 |
---------------+----------------------------------+-----
Axes           | 2 3 4 5 6 7 |  7.0
Shields        | 3 4 5 6 7 |  7.0
Armour         | 3 4 5 7 8 9 10 | 10.1
Fighting       | 4 5 6 7 8 |  8.2
Unarmed Combat | 2 3 4 5 6 |  6.0

Action                   |  1- 3 |  4- 6 |  7- 9 | 10-12 || total
-------------------------+-------+-------+-------+-------++-------
Melee: War axe           |    82 |   286 |   349 |   260 ||   977
       Kick              |       |    50 |    14 |       ||    64
       Broad axe         |       |       |       |    25 ||    25
Throw: Tomahawk          |       |       |     1 |     2 ||     3
Invok: Heroism           |       |       |       |     1 ||     1
  Use: Scroll            |       |     9 |     5 |     4 ||    18
       Potion            |       |     3 |     6 |       ||     9
 Stab: Distracted        |       |       |     2 |     1 ||     3
  Eat: Chunk             |       |     9 |     8 |     3 ||    20
       Beef jerky        |       |     1 |       |       ||     1
       Bread ration      |       |       |     1 |     1 ||     2
       Pizza             |       |       |       |     1 ||     1
Armor: Scale mail        |    53 |    43 |       |       ||    96
       Chain mail        |       |   131 |    97 |       ||   228
       Plate armour      |       |       |   124 |   388 ||   512
Dodge: Dodged            |    39 |    70 |    57 |    96 ||   262
Block: Shield            |    49 |   182 |   199 |   266 ||   696
